← All builds
Geo sea / Cortex / Economy first / OBSERVED BUILD

Standard geo sea

The role's default economy-first play: bot lab then shipyard in the cove, quick frigate/submarine/destroyer navy to contest sea and hold the coast, transitioning into whatever the sea fight needs.

Usually shipyard in the cove (98%)

#naval #eco · 897 distinct matches · 97 players · 83% of Cortex Geo sea games · team won 52% of 1005 · Recently observed

HOW TO PLAY IT

Key timing: Shipyard by 3:18

  1. Open 3 mex, wind and solar, then Bot Lab.
  2. Get a BP and costal torpedo launcher up before the Shipyard.
  3. Put up Shipyard once you can defend it.
  4. Push out "submarine" and "frigate" to contest the sea.
  5. Add geothermal to fund the fleet transition into "destroyer", "missile corvette".

Phase by phase

TYPICAL OF ITS 897 GAMES
  1. 1
  2. 2
  3. 3
  4. 4
PLAY THE OPENING

Follow the example game's first 6:00 step by step: what to build now, what comes next, and where it goes. At 1× it keeps pace with your own game.

  1. 1

    Up to the Bot Lab

    Economy
    • Metal Extractor3Mex
    • Wind Turbine3Wind
    Order
    1. Bot LabBot Lab after 3 mex, 3 winddone ~1:12, middle half 1:06–1:26

    Some games also: wind for allies (49%)

    By 0:55 in all: 3 mex · 3 wind

    The example game in this phase · 4 steps
    1. Mex ×3
    2. Wind ×2for Air
    3. Wind ×3
    4. Bot LabBot Labdone 1:16 · typical 1:12
  2. 2

    Bot Lab to Shipyard

    Economy
    • Metal Extractor1Mex
    • Wind Turbine2Wind
    Order
    1. ShipyardShipyard after 4 mex, 5 wind, 1 energy storagedone ~3:17, middle half 3:03–3:33
    Builders
    • Construction Bot3 Con bot
    • Graverobber2 Graverobber
    Army
    • Grunt1 Grunt

    Some games also: con turret (47%) · trasher (39%) · energy storage (34%) · wind for allies (33%)

    By 2:52 in all: 4 mex · 5 wind · 1 energy storage

    The example game in this phase · 18 steps
    1. Wind
    2. GraverobberGraverobber
    3. Wind
    4. Construction BotCon bot
    5. Wind
    6. Construction BotCon bot
    7. GraverobberGraverobber
    8. GruntGrunt ×2
    9. Mex
    10. Energy storage
    11. Construction BotCon bot
    12. GraverobberGraverobber
    13. Converter
    14. Mex
    15. Converter ×3
    16. Mex
    17. Radar TowerRadar Tower
    18. ShipyardShipyarddone 3:55 · typical 3:17
  3. 3

    Shipyard to 5:00

    Economy
    • Metal Extractor4Mex
    Builders
    • Construction Ship1 Con ship
    Army
    • Riptide2 Frigate
    • Orca1 Submarine
    Other
    • Radar Tower1 Radar Tower

    Some games also: Guard (50%) · wind (48%) · missile corvette (47%) · destroyer (46%) · gunboat (41%)

    By 5:00 in all: 8 mex · 6 wind · 1 energy storage · 1 con turret

    The example game in this phase · 15 steps
    1. GuardGuard
    2. Converter
    3. HerringMissile corvette
    4. GuardGuard
    5. SupporterGunboat
    6. Construction ShipCon ship
    7. HerringMissile corvette
    8. Converter
    9. GuardGuard
    10. SupporterGunboat
    11. Mex
    12. RiptideFrigate ×2done 4:40 · typical 4:35
    13. GuardGuard
    14. Mex
    15. OppressorDestroyerdone 5:24 · typical 5:51
  4. 4

    5:00 to 10:00

    Economy
    • Metal Extractor2Mex
    • Wind Turbine8Wind
    • Energy Converter1Converter
    Builders
    • Construction Turret1 Con turret
    • Death Cavalry2 Death Cavalry
    • Construction Ship1 Con ship
    Army
    • Guard2 Guard
    • Riptide5 Frigate
    • Herring2 Missile corvette
    Other
    • Naval Radar / Sonar Tower2 Naval Radar / Sonar Tower

    Some games also: geo (48%) · Thistle (42%) · submarine (33%)

    By 10:00 in all: 10 mex · 15 wind · 1 geo · 4 converter · 1 energy storage · 2 con turret

    The example game in this phase · 138 steps
    1. Wind
    2. ThistleThistle
    3. HerringMissile corvette
    4. Wind
    5. RiptideFrigate
    6. Mex
    7. Wind
    8. OppressorDestroyer
    9. Mex
    10. Wind
    11. UrchinUrchin
    12. Geothermal PowerplantGeodone 9:03 · typical 8:00
    13. Wind
    14. Mex
    15. HerringMissile corvette
    16. Death CavalryDeath Cavalry
    17. Wind
    18. Naval Radar / Sonar TowerNaval Radar / Sonar Tower
    19. RiptideFrigate
    20. Wind
    21. RiptideFrigate
    22. Wind
    23. Advanced Metal ExtractorT2 mexdone 8:44 · typical 9:22
    24. Wind
    25. RiptideFrigate
    26. Construction ShipCon ship
    27. Wind
    28. Construction ShipCon ship
    29. Wind
    30. Construction ShipCon ship
    31. Wind
    32. Construction ShipCon ship
    33. Wind ×2
    34. RiptideFrigate
    35. OppressorDestroyer
    36. Advanced Metal ExtractorT2 mex
    37. Wind
    38. GuardGuard
    39. Wind
    40. HerringMissile corvette
    41. Death CavalryDeath Cavalry
    42. Wind
    43. RiptideFrigate
    44. Converter
    45. RiptideFrigate
    46. Wind
    47. Advanced Metal ExtractorT2 mex
    48. RiptideFrigate
    49. Naval Construction Turret
    50. Mexfor Front
    51. OppressorDestroyer
    52. Converter
    53. Wind
    54. Mexfor Front
    55. HerringMissile corvette
    56. Death CavalryDeath Cavalry
    57. Wind
    58. Naval Construction Turret
    59. Converter
    60. RiptideFrigate
    61. Mexfor Front
    62. Wind
    63. RiptideFrigate
    64. Naval Construction Turret
    65. RiptideFrigate
    66. Naval Construction Turret
    67. OppressorDestroyer
    68. Advanced Metal ExtractorT2 mex
    69. Mexfor Front
    70. Wind
    71. Converter
    72. Advanced ShipyardAdvanced Shipyarddone 11:53
    73. Vehicle PlantVehicle Plantdone 11:35
    74. Tidal
    75. HerringMissile corvette
    76. Death CavalryDeath Cavalry
    77. BruteBrute
    78. Tidal
    79. Wind
    80. BruteBrute
    81. Tidal
    82. Naval Construction Turret
    83. BruteBrute
    84. Con turret
    85. Naval Construction Turret
    86. Advanced Construction SubAdvanced Construction Sub
    87. BruteBrute
    88. Tidal
    89. Naval Construction Turret
    90. Radar TowerRadar Tower
    91. PathfinderPathfinder
    92. BruteBrute
    93. GuardGuard
    94. Tidal ×2
    95. PathfinderPathfinder
    96. BruteBrute
    97. GuardGuard
    98. Advanced Metal ExtractorT2 mex
    99. Naval Advanced Metal ExtractorNaval Advanced Metal Extractordone 13:08
    100. Tidal
    101. GuardGuard
    102. Tidal
    103. BruteBrute ×2
    104. GuardGuard
    105. BruteBrute
    106. Tidal ×2
    107. BruteBrute ×2
    108. Naval Advanced Metal ExtractorNaval Advanced Metal Extractor
    109. BruteBrute
    110. Tidal ×2
    111. Naval Construction Turret
    112. GuardGuard
    113. Naval Construction Turret
    114. Advanced Metal ExtractorT2 mex
    115. GuardGuard
    116. Tidal ×2
    117. MessengerCruise missile shipdone 13:56
    118. BruteBrute
    119. Tidal ×2
    120. MessengerCruise missile ship
    121. Tidal
    122. BruteBrute
    123. Naval Advanced Metal ExtractorNaval Advanced Metal Extractor
    124. GuardGuard
    125. BruteBrute
    126. GuardGuard
    127. Tidal ×2
    128. PhantasmRadar jammer ship
    129. BruteBrute
    130. Tidal
    131. BruteBrute ×3
    132. Tidal
    133. BruteBrute
    134. Tidal
    135. MessengerCruise missile ship
    136. BruteBrute
    137. Tidal
    138. BruteBrute

Counts are medians over the build's games: half of them build more, half fewer. The example game is TheSituation's (49 OS, 19/09/2026); pick another.

Team trades

IN AT LEAST 30% OF ITS GAMES

You hand over

  • Wind Turbine2 Wind to Airfirst at 1:47 · in 73% of games

You get

  • Finch1 Finch from Airfirst at 1:51 · in 82% of games
  • Hercules1 Light transport from Airfirst at 2:00 · in 75% of games
  • Advanced Construction Bot1 T2 con bot from Techfirst at 7:44 · in 89% of games

How it plays out

Typical game of this build, running totals by minute

Metal produced

010k20k30k
0:005:0010:0015:00

metal

Enemy metal destroyed

05k10k
0:005:0010:0015:00

metal

Own metal lost

02.5k5k7.5k
0:005:0010:0015:00

metal

1005 games.

Show as table
ByMetal produced: This buildEnemy metal destroyed: This buildOwn metal lost: This build
1:0039700
2:0092800
3:00157100
4:002914051
5:00411013052
6:005467440232
7:006953931547
8:0086241570891
9:001051024401344
10:001264436272050
11:001523749202921
12:001815364203827
13:002150674134511
14:002505786485441
15:002879297896342
WHAT THE NUMBERS SAY

Standard Cortex geo sea sits at an even 50% win rate, trading a slower start for a big resource lead by 15:00.

  • + Metal produced hits 28451 by 15:00, well above both front roles
  • + Own metal lost stays far below enemy metal destroyed at every checkpoint
  • − Only 50% team win rate, the lowest of these six builds
  • − T2 factory only completes in 40% of games by 12:53
THE EXAMPLE YOU ARE READING

TheSituation

49.3 OS · 19/09/2026

Open source match ↗

4 received units · includes a constructor
434 metal received · 148066 energy received

Allied construction assistance is unknown. Timings are observations, not a promise of solo reproducibility.

Typical milestones

Bot Lab1:12Middle 50%: 1:06–1:26 · n=999
Shipyard3:17Middle 50%: 3:03–3:33 · n=1000
Orca4:19Middle 50%: 3:53–4:59 · n=686
Riptide4:35Middle 50%: 4:08–5:20 · n=977
Oppressor5:51Middle 50%: 5:08–6:32 · n=912
Geothermal Powerplant8:00Middle 50%: 7:01–8:58 · n=605
Advanced Metal Extractor9:22Middle 50%: 8:45–10:10 · n=861

Played most by

sirniho119games of this buildOptimusprimenutt78games of this buildSHOGVN74games of this buildPRO_Rerory46games of this buildhihimik41games of this build